 Dungeon Crawl Stone Soup version 0.22.0-2-ge58baed0e8 (webtiles) character file.

16403 IcyTea the Cruncher (level 12, -3/89 HPs)
             Began as a Green Draconian Conjurer on Aug 13, 2018.
             Was an Elder of Vehumet.
             Hit by a large rock thrown by a cyclops (21 damage)
             ... on level 12 of the Dungeon.
             The game lasted 01:16:07 (13820 turns).

IcyTea the Cruncher (Green Draconian Conjurer)     Turns: 13820, Time: 01:16:07

Health: -3/89      AC: 11    Str: 12    XL:     12   Next: 9%
Magic:  15/23      EV: 12    Int: 31    God:    Vehumet [****..]
Gold:   252        SH:  0    Dex: 11    Spells: 4/26 levels left

rFire    . . .     SeeInvis .   l - +3 quarterstaff (freeze)
rCold    . . .     Gourm    .   (shield currently unavailable)
rNeg     . . .     Faith    .   (armour unavailable)
rPois    +         Spirit   .   (helmet restricted)
rElec    .         Reflect  .   A - +2 cloak
rCorr    .         Harm     .   (no gloves)
MR       .....                  (no boots)
Stlth    ++........             C - amulet of regeneration
HPRegen  0.64/turn              c - +5 ring of intelligence
MPRegen  0.18/turn              g - +6 ring of intelligence

@: no status effects
A: breathe noxious fumes, unfitting armour, poison resistance, cold-blooded, AC
+8
a: Breathe Noxious Fumes, Renounce Religion


You were on level 12 of the Dungeon.
You worshipped Vehumet.
Vehumet was greatly pleased with you.
You were hungry.

You visited 2 branches of the dungeon, and saw 13 of its levels.
You also visited: Ossuary.

You collected 702 gold pieces.
You spent 450 gold pieces at shops.

Inventory:

Hand Weapons
 l - a +3 quarterstaff of freezing (weapon)
 x - a +3 quarterstaff of chaos
Armour
 A - a +2 cloak (worn)
Jewellery
 c - a +5 ring of intelligence (left hand)
 g - a +6 ring of intelligence (right hand)
 m - an uncursed ring of protection from cold
 C - an amulet of regeneration (around neck)
Wands
 n - a wand of digging (3)
 s - a wand of flame (36)
 u - a wand of scattershot (5)
 E - a wand of clouds (7)
 F - a wand of iceblast (3)
Scrolls
 e - 3 scrolls of enchant weapon
 f - 6 scrolls of remove curse
 o - a scroll of blinking
 p - 4 scrolls of enchant armour
 r - 2 scrolls of amnesia
 t - 9 scrolls of identify
 w - 4 scrolls of teleportation
 y - 5 scrolls of immolation
 D - a scroll of fear
Potions
 a - 2 potions of cancellation
 d - 10 potions of curing
 h - 9 potions of heal wounds
 i - a potion of brilliance
 j - a potion of invisibility
 k - a potion of haste
 q - 2 potions of flight
 v - a potion of might
 z - 2 potions of lignification
 B - a potion of agility
Miscellaneous
 H - a crystal ball of energy
Comestibles
 b - 20 rations


   Skills:
 - Level 3.0 Fighting
 - Level 12.0 Staves
 - Level 1.7 Dodging
 - Level 1.7 Stealth
 - Level 7.8 Spellcasting
 - Level 10.0 Conjurations
 - Level 3.5 Hexes
 - Level 3.3 Translocations
 - Level 3.0 Fire Magic
 - Level 3.0 Ice Magic
 - Level 1.3 Air Magic
 + Level 4.5 Poison Magic
 - Level 4.3 Evocations


You had 4 spell levels left.
You knew the following spells:

 Your Spells              Type           Power        Failure   Level  Hunger
b - Searing Ray           Conj           ######       1%          2    None
c - Fulminant Prism       Conj/Hex       ######....   1%          4    #......
d - Conjure Flame         Conj/Fire      ######..     1%          3    None
e - Blink                 Tloc           N/A          1%          2    None
f - Mephitic Cloud        Conj/Pois/Air  #####...     1%          3    None
g - Throw Flame           Conj/Fire      ######       1%          2    None
h - Throw Frost           Conj/Ice       ######       1%          2    None
i - Olgreb's Toxic Radia  Pois           #####...     1%          4    #......

Your spell library contained the following spells:

 Spells                   Type           Power        Failure   Level  Hunger
 Magic Dart               Conj           ####         1%          1    None
 Slow                     Hex            ####....     1%          2    None
 Iskenderun's Mystic Bla  Conj           ######..     1%          4    #......
 Call Imp                 Summ           ##......     6%          2    None
 Dazzling Spray           Conj/Hex       ######       1%          3    None
 Force Lance              Conj/Tloc      ######..     1%          4    #......


Dungeon Overview and Level Annotations

Branches:
Dungeon (12/15)            Temple (1/1) D:6            Lair (0/6) D:11
    Orc (0/2) D:11

Altars:
Ashenzari
Cheibriados
Dithmenos
Elyvilon
Fedhas
Gozag
Hepliaklqana
Kikubaaqudgha
Makhleb
Nemelex Xobeh
Okawaru
Qazlal
Ru
Sif Muna
Trog
Uskayaw
Vehumet
Wu Jian
Xom
Yredelemnul
Zin
The Shining One

Shops:
D:5 =   D:6 :

Annotations:
D:9 2 transporters, 3 runed doors, dengdeng's ghost, novice MiBe


Innate Abilities, Weirdness & Mutations

You can breathe blasts of noxious fumes.
Your lurid green scales are hard. (AC +8)
You cannot fit into any form of body armour.
Your system is resistant to poisons. (rPois)
You are cold-blooded and may be slowed by cold attacks.


Message History

The cyclops is moderately wounded.
The cyclops hits you!
The searing ray hits the cyclops.
The cyclops is heavily wounded.
You finish channeling your searing ray.
The cyclops hits you!
Casting: Searing Ray (safe; 1% risk of failure)
Confirm with . or Enter, or press ? or * to list all spells.
Aiming: Searing Ray (safe; 1% risk of failure)
Press: ? - help, Shift-Dir - straight line, f/p - cyclops
Aim: a cyclops (heavily wounded)
The searing ray hits the cyclops.
The cyclops is severely wounded. (Press . to maintain the ray.)
The cyclops hits you!!
* * * LOW HITPOINT WARNING * * *
Casting: Searing Ray (safe; 1% risk of failure)
Confirm with . or Enter, or press ? or * to list all spells.
You blink.
The cyclops throws a large rock.
The large rock hits you!!
You die...

............# ..... ...#
..#........##. . ...####...#
..#........##.. .........##
............#.######.<........
###.........#.................
.....####+#...................
.............................#
......................†###...
..).........#+##@......#
..##........#.##....§###
..#...........##....C#####
..#...........##.........# ..
..#............#.........#......
..........##...###.......#......
.......#+##....# #.......#..C...
.......# #....###..............
.......#.....>..................


You could see a cyclops.

Vanquished Creatures
  A centaur warrior (D:12)
  3 two-headed ogres
  Pikel (D:6)
  The ghost of Syrinius the Ruffian, a novice DrTm of Uskayaw (D:7)
  An ugly thing (D:10)
  A gargoyle (D:12)
  Grinder (D:3)
  3 trolls
  2 hornets (D:10)
  2 hippogriffs
  9 yaks
  A wyvern (D:10)
  Grum (D:9)
  2 basilisks (D:11)
  3 vampire mosquitoes (D:11)
  A steam dragon (D:12)
  2 acid dragons
  2 soldier ants (D:10)
  6 orc warriors
  An eye of draining (D:12)
  2 sky beasts
  A slave (D:6)
  3 phantoms
  2 ice beasts
  A black bear (D:5)
  4 ogres
  3 wolves (D:9)
  21 centaurs
  2 big kobolds
  9 bullfrogs
  4 scorpions
  12 wights
  5 killer bees (D:11)
  2 howler monkeys
  A bullfrog zombie (D:11)
  9 crimson imps
  4 centaur zombies
  A human zombie (Ossuary)
  5 orc priests
  2 jellies
  Crazy Yiuf (D:7)
  5 hounds
  An iguana (D:10)
  10 orc wizards
  A bullfrog skeleton (D:10)
  Jessica (D:3)
  Natasha (thrice) (D:2)
  12 worker ants
  A hound zombie (D:5)
  2 hound skeletons
  5 mummies (Ossuary)
  A howler monkey skeleton (D:6)
  13 adders
  4 gnolls
  4 shadow imps
  4 adder skeletons
  3 worms
  4 dart slugs
  3 leopard geckos
  41 orcs
  6 bats
  6 giant cockroaches
  7 goblins
  5 hobgoblins
  6 jackals (D:5)
  19 kobolds
  3 quokkas
  A ball python (D:3)
  8 frilled lizards
  2 giant cockroach zombies
  A gnoll zombie (Ossuary)
  A goblin zombie (Ossuary)
  A hobgoblin zombie (Ossuary)
  2 kobold zombies (Ossuary)
  2 leopard gecko skeletons
  2 orc zombies (Ossuary)
  9 rats
  A fulminant prism (D:11)
338 creatures vanquished.

Vanquished Creatures (others)
  A howler monkey skeleton (D:6)
  17 fulminant prisms
18 creatures vanquished.

Grand Total: 356 creatures vanquished

Notes
Turn   | Place    | Note
-------+----------+-------------------------------------------
     0 | D:1      | IcyTea the Draconian Conjurer began the quest for the Orb.
     0 | D:1      | Reached XP level 1. HP: 14/14 MP: 3/3
   112 | D:1      | Reached XP level 2. HP: 17/20 MP: 1/5
   141 | D:1      | Learned a level 2 spell: Searing Ray
   847 | D:1      | Reached skill level 5 in Conjurations
   895 | D:1      | Reached XP level 3. HP: 26/26 MP: 6/6
  1684 | D:2      | Noticed Natasha
  1689 | D:2      | Killed Natasha
  1689 | D:2      | Reached XP level 4. HP: 18/33 MP: 2/7
  1854 | D:2      | Noticed Natasha
  1869 | D:2      | Killed Natasha
  1995 | D:2      | Noticed Natasha
  2000 | D:2      | Killed Natasha
  2000 | D:2      | Reached XP level 5. HP: 38/38 MP: 4/8
  2526 | D:3      | Noticed Jessica
  2532 | D:3      | Killed Jessica
  2693 | D:3      | Learned a level 4 spell: Fulminant Prism
  2718 | D:3      | Noticed Grinder
  2733 | D:3      | Paralysed by Grinder for 2 turns
  2812 | D:3      | Paralysed by Grinder for 3 turns
  2836 | D:3      | Killed Grinder
  2836 | D:3      | Reached XP level 6. HP: 24/45 MP: 1/9
  3003 | D:3      | Your scales start taking on a lurid green colour.
  3003 | D:3      | Reached XP level 7. HP: 49/50 MP: 1/10
  3003 | D:3      | Gained mutation: Your system is resistant to poisons. (rPois) [Green Draconian growth]
  3981 | D:5      | Entered Level 5 of the Dungeon
  4193 | D:5      | Learned a level 3 spell: Conjure Flame
  4196 | D:5      | Learned a level 2 spell: Blink
  4294 | D:5      | Reached skill level 1 in Translocations
  4409 | D:5      | Found Celecrut's Jewellery Shoppe.
  4992 | D:5      | Reached XP level 8. HP: 56/57 MP: 9/14
  5055 | D:6      | Reached skill level 1 in Staves
  5287 | D:6      | Reached skill level 2 in Staves
  5312 | D:6      | Found Zuhih Dik's Book Emporium.
  5353 | D:6      | Found a staircase to the Ecumenical Temple.
  5355 | D:6      | Noticed Pikel
  5392 | D:6      | Killed Pikel
  5392 | D:6      | Reached skill level 5 in Staves
  5565 | D:6      | Reached skill level 6 in Staves
  5951 | D:6      | Reached skill level 1 in Fire Magic
  5960 | D:6      | Learned a level 3 spell: Mephitic Cloud
  6176 | D:6      | Reached skill level 1 in Poison Magic
  6250 | D:6      | Reached XP level 9. HP: 61/62 MP: 10/15
  6307 | D:6      | Reached skill level 1 in Air Magic
  6357 | D:6      | Found a glowing silver altar of Zin.
  6633 | D:7      | Found a sand-covered staircase.
  6644 | Ossuary  | Entered an ossuary
  6945 | D:7      | Reached skill level 7 in Staves
  7183 | D:7      | Reached skill level 8 in Staves
  7348 | D:7      | Noticed Syrinius's ghost (novice DrTm)
  7350 | D:7      | Found a runed door.
  7379 | D:7      | Reached skill level 1 in Evocations
  7494 | D:7      | Killed Syrinius's ghost
  7997 | D:7      | Found a runed door.
  8001 | D:7      | Noticed Crazy Yiuf
  8009 | D:7      | Killed Crazy Yiuf
  8194 | Temple   | Entered the Ecumenical Temple
  8320 | Temple   | Became a worshipper of Vehumet
  8508 | D:8      | Found a snail-covered altar of Cheibriados.
  8674 | D:8      | Reached skill level 9 in Staves
  8674 | D:8      | Reached XP level 10. HP: 58/69 MP: 11/16
  9042 | D:9      | Noticed a two-headed ogre
  9056 | D:9      | Killed a two-headed ogre
  9056 | D:9      | Reached skill level 10 in Staves
  9190 | D:9      | Found a transporter.
  9190 | D:9      | Noticed a two-headed ogre
  9538 | D:9      | Noticed an ogre mage
  9673 | D:5      | Bought an uncursed amulet of regeneration for 450 gold pieces
  9857 | D:9      | Reached skill level 11 in Staves
  9989 | D:9      | Noticed a cyclops
  9994 | D:9      | Found a basalt altar of Yredelemnul.
 10004 | D:9      | Found a transporter.
 10022 | D:9      | Reached * piety under Vehumet
 10022 | D:9      | Offered knowledge of Sandblast by Vehumet.
 10035 | D:9      | Reached skill level 1 in Fighting
 10051 | D:9      | Noticed Grum
 10066 | D:9      | Killed Grum
 10176 | D:9      | Found a runed gate.
 10176 | D:9      | Found a runed gate.
 10176 | D:9      | Found a runed gate.
 10179 | D:9      | Noticed dengdeng's ghost (novice MiBe)
 10274 | D:8      | Reached skill level 5 in Spellcasting
 10527 | D:9      | Found a shimmering altar of Xom.
 10527 | D:9      | Found a burning altar of Makhleb.
 10601 | D:10     | Entered Level 10 of the Dungeon
 10615 | D:10     | Noticed a two-headed ogre
 10634 | D:10     | Killed a two-headed ogre
 10760 | D:10     | Reached XP level 11. HP: 48/79 MP: 10/20
 10883 | D:10     | Offered knowledge of Throw Flame by Vehumet.
 10887 | D:10     | Learned a level 2 spell: Throw Flame
 11060 | D:10     | Reached ** piety under Vehumet
 11681 | D:10     | Noticed a brown ugly thing
 11691 | D:10     | Killed a brown ugly thing
 11909 | D:11     | Reached skill level 10 in Conjurations
 11913 | D:11     | Noticed a two-headed ogre
 11927 | D:11     | Killed a two-headed ogre
 12085 | D:11     | Got an ivory flail
 12086 | D:11     | Identified the +2 flail of Death {vamp, *Rage rF++ MR++} (You found it on level 11 of the Dungeon)
 12158 | D:11     | Offered knowledge of Throw Frost by Vehumet.
 12183 | D:11     | Learned a level 2 spell: Throw Frost
 12211 | D:11     | Reached *** piety under Vehumet
 12444 | D:11     | Found a staircase to the Lair.
 12464 | D:11     | Reached skill level 12 in Staves
 12719 | D:11     | Found a staircase to the Orcish Mines.
 12725 | D:11     | Offered knowledge of Sticky Flame by Vehumet.
 13258 | D:12     | Noticed a centaur warrior
 13275 | D:12     | Killed a centaur warrior
 13368 | D:12     | Reached **** piety under Vehumet
 13430 | D:12     | Reached XP level 12. HP: 80/89 MP: 23/23
 13466 | D:12     | Offered knowledge of Olgreb's Toxic Radiance by Vehumet.
 13557 | D:12     | Learned a level 4 spell: Olgreb's Toxic Radiance
 13642 | D:12     | Found a blossoming altar of Fedhas.
 13820 | D:12     | Hit by a large rock thrown by a cyclops

Skill      XL: |  1  2  3  4  5  6  7  8  9 10 11 12 |
---------------+-------------------------------------+-----
Conjurations   | 5 6 8 10 | 10.0
Spellcasting   | 4 6 7 |  7.8
Translocations | 3 |  3.3
Hexes          | 2 3 |  3.5
Staves         | 6 9 11 12 | 12.0
Fire Magic     | 1 3 |  3.0
Poison Magic   | 2 4 |  4.5
Air Magic      | 1 |  1.3
Evocations     | 4 |  4.3
Fighting       | 2 3 |  3.0
Ice Magic      | 3 |  3.0
Dodging        | |  1.7
Stealth        | |  1.7

Action                   |  1- 3 |  4- 6 |  7- 9 | 10-12 || total
-------------------------+-------+-------+-------+-------++-------
Melee: Unarmed           |    28 |       |       |       ||    28
       Club              |    65 |       |       |       ||    65
       Tailslap          |     8 |     1 |    24 |    23 ||    56
       Quarterstaff      |       |    26 |   228 |   212 ||   466
 Cast: Magic Dart        |    32 |     3 |    17 |    28 ||    80
       Searing Ray       |     6 |    21 |    58 |    95 ||   180
       Conjure Flame     |       |       |     3 |     2 ||     5
       Fulminant Prism   |       |       |     1 |    17 ||    18
       Mephitic Cloud    |       |       |       |     7 ||     7
       Throw Flame       |       |       |       |    14 ||    14
       Throw Frost       |       |       |       |     7 ||     7
       Blink             |       |       |       |     6 ||     6
       Olgreb's Toxic Ra |       |       |       |     1 ||     1
 Abil: Breathe Noxious F |       |       |     3 |     7 ||    10
       Evoke Berserk Rag |       |       |     1 |       ||     1
  Use: Scroll            |     2 |     3 |     8 |     9 ||    22
       Potion            |       |     1 |    10 |     1 ||    12
 Stab: Sleeping          |     4 |     2 |     6 |     1 ||    13
       Distracted        |       |       |     1 |       ||     1
       Confused          |       |       |       |     2 ||     2
  Eat: Chunk             |     3 |     5 |    13 |    18 ||    39
       Ration            |       |       |     2 |       ||     2
Armor: Skin              |    30 |     8 |    77 |   109 ||   224
Dodge: Dodged            |    77 |    32 |   187 |   208 ||   504
